 Dungeon Crawl Stone Soup version 0.27-a0-1438-g9b7c6745da (webtiles) character file.

Game seed: 3662491599658940105

1180 2tc the Destroyer (level 8, -4/41 HPs)
             Began as a Tengu Fire Elementalist on July 4, 2021.
             Was an Initiate of Vehumet.
             Slain by a wraith (6 damage)
             ... on level 6 of the Dungeon.
             The game lasted 00:23:49 (7104 turns).

2tc the Destroyer (Tengu Fire Elementalist)         Turns: 7104, Time: 00:23:49

Health: -4/41      AC:  2    Str: 16    XL:     8   Next: 42%
Magic:  10/14      EV: 18    Int: 16    God:    Vehumet [......]
Gold:   239        SH:  0    Dex: 15    Spells: 3/13 levels left

rFire    . . .     SeeInvis .   b - staff of cold
rCold    + . .     Faith    .   (no shield)
rNeg     . . .     Spirit   .   a - +0 robe
rPois    .         Reflect  .   (helmet restricted)
rElec    .         Harm     .   (no cloak)
rCorr    .         Rampage  .   (no gloves)
Will     .....                  (boots unavailable)
Stlth    ++........             (no amulet)
HPRegen  0.13/turn              m - +4 ring of evasion
MPRegen  0.14/turn              h - +6 ring of strength

@: flying quickly and evasively, slowed, very slow
A: beak, talons 3, nimble flight
a: Renounce Religion


You were on level 6 of the Dungeon.
You worshipped Vehumet.
Vehumet was noncommittal.
You visited 2 branches of the dungeon, and saw 7 of its levels.

You collected 239 gold pieces.

Inventory:

Hand Weapons
 g - a +1 dagger
Missiles
 c - 8 curare-tipped darts
 k - 5 throwing nets
Armour
 a - a +0 robe (worn)
Magical Staves
 b - a staff of cold (weapon)
Jewellery
 h - a +6 ring of strength (right hand)
 m - a +4 ring of evasion (left hand)
Wands
 l - a wand of paralysis (4)
Scrolls
 e - 6 scrolls of teleportation
 f - a scroll of identify
 n - a scroll of enchant weapon
Potions
 d - a potion of attraction
 i - a potion of mutation
 j - a potion of magic
 o - a potion of flight


   Skills:
 - Level 2.1 Staves
 - Level 2.1 Dodging
 - Level 2.0 Stealth
 + Level 3.4 Spellcasting
 - Level 8.0 Conjurations
 - Level 8.0 Fire Magic


You had 3 spell levels left.
You knew the following spells:

 Your Spells              Type           Power      Damage    Failure   Level
a - Foxfire               Conj/Fire      100%       2x1d9     1%          1
b - Sticky Flame          Conj/Fire      28%        2d5       7%          4
c - Fireball              Conj/Fire      14%        3d8       19%         5

Your spell library contained the following spells:

 Spells                   Type           Power      Damage    Failure   Level
 Magic Dart               Conj           100%       1d8       1%          1
 Conjure Flame            Conj/Fire      28%        6-21      1%          3
 Dazzling Flash           Conj/Hex       30%        N/A       11%         3
 Inner Flame              Hex/Fire       15%        N/A       11%         3
 Animate Skeleton         Necr           4%         N/A       19%         1
 Pain                     Necr           8%         1d4       19%         1
 Mephitic Cloud           Conj/Pois/Air  11%        N/A       19%         3
 Call Imp                 Summ           2%         N/A       26%         2
 Passwall                 Tmut/Erth      1%         N/A       26%         2
 Sublimation of Blood     Necr           1%         N/A       26%         2
 Wereblood                Tmut           2%         N/A       26%         2
 Swiftness                Air            2%         N/A       47%         3
 Vampiric Draining        Necr           1%         2d6       47%         3
 Iskenderun's Mystic Bla  Conj/Tloc      15%        2d5       34%         4
 Starburst                Conj/Fire      14%        8x6d6     71%         6
 Invisibility             Hex            1%         N/A       100%        6
 Summon Hydra             Summ           1%         N/A       100%        7


Dungeon Overview and Level Annotations

Branches:
Dungeon (6/15)             Temple (1/1) D:5

Altars:
Dithmenos
Elyvilon
Fedhas
Gozag
Hepliaklqana
Kikubaaqudgha
Makhleb
Nemelex Xobeh
Okawaru
Qazlal
Ru
Sif Muna
Trog
Vehumet
Yredelemnul
Zin

Shops:
D:3 [


Innate Abilities, Weirdness & Mutations

You have a beak for a mouth.
You have claws for feet.
Your magical nature lets you fly swiftly and evasively.


Message History

Confirm with . or Enter, or press ? or * to list all spells.
You conjure some foxfire!
The wraith barely misses you.
You barely miss the wraith. You claw the wraith, but do no damage.
You peck the wraith, but do no damage.
The wraith is heavily damaged.
The foxfire hits the wraith.
The wraith is severely damaged.
The wraith hits you. The wraith drains your vigour!
You feel yourself slow down. The wraith misses you.
Casting: Foxfire (safe; 1% risk of failure)
Confirm with . or Enter, or press ? or * to list all spells.
You conjure some foxfire!
The wraith hits you! The wraith drains your vigour!
You feel as though you will be slow longer.
You closely miss the wraith. Your kick misses the wraith.
Your peck misses the wraith.
The wraith is severely damaged.
The foxfire hits the wraith but does no damage.
The wraith is severely damaged.
The wraith hits you. The wraith misses you.
Unknown command.
Casting: Foxfire (safe; 1% risk of failure)
Confirm with . or Enter, or press ? or * to list all spells.
You conjure some foxfire!
The wraith hits you! The wraith drains your vigour!
You feel as though you will be slow longer.
You hit the wraith. You claw the wraith.
The wraith is severely damaged.
The foxfire hits the wraith.
The wraith is almost destroyed.
The wraith hits you!
* * * LOW HITPOINT WARNING * * *
The wraith hits you.
* * * LOW HITPOINT WARNING * * *
The wraith drains your vigour!
You feel as though you will be slow longer.
The wraith barely misses you.
Okay, then.
The wraith hits you but does no damage.
Okay, then.
The wraith hits you.
You die...

#.# #.# #.# #.# #.#
#.# #.# ##########
#.# .........# #@#
########.# #W# #.#
#.# #.# #.# #.#
#.####### # #.#
#.......# #. #.#.#
#######.#
....#.#.#########.#
..................#


You could see a wraith.

Vanquished Creatures
  Grinder (D:5)
  An ice beast (D:5)
  A centaur (D:6)
  A phantom (D:6)
  Blork the orc (D:5)
  A centaur zombie (D:5)
  3 hounds
  A gnoll shaman (D:6)
  An orc priest (D:3)
  A centaur skeleton (D:5)
  2 iguanas (D:5)
  An orc wizard (D:5)
  A killer bee zombie (D:6)
  2 hound zombies (D:5)
  A hound skeleton (D:5)
  Robin (D:4)
  14 gnolls
  7 adders
  A white imp (D:5)
  20 orcs
  5 ball pythons
  4 endoplasms
  A giant cockroach (D:2)
  16 goblins
  3 hobgoblins
  13 jackals
  3 kobolds
  4 quokkas
  A bat (D:1)
  3 frilled lizards
  A jackal skeleton (D:4)
  4 rats
120 creatures vanquished.

Vanquished Creatures (others)
  428 foxfires
428 creatures vanquished.

Grand Total: 548 creatures vanquished

Notes
Turn   | Place    | Note
-------+----------+-------------------------------------------
     0 | D:1      | 2tc the Tengu Fire Elementalist began the quest for the
                  | Orb.
     0 | D:1      | Reached XP level 1. HP: 10/10 MP: 4/4
   432 | D:1      | Reached XP level 2. HP: 15/15 MP: 3/6
   465 | D:1      | Identified a scroll of acquirement
   465 | D:1      | Acquired a book of Spectacle
  1303 | D:2      | Found a faded altar of an unknown god.
  1417 | D:2      | Reached XP level 3. HP: 19/19 MP: 4/7
  1509 | D:2      | Found an ancient bone altar of Kikubaaqudgha.
  2119 | D:3      | Reached XP level 4. HP: 8/24 MP: 3/8
  2124 | D:3      | HP: 1/24 [orc (8)]
  2412 | D:3      | Found Reamel's Antique Armour Emporium.
  2607 | D:3      | Found a bloodstained altar of Trog.
  2613 | D:3      | Learned a level 4 spell: Sticky Flame
  2841 | D:3      | Reached skill level 5 in Fire Magic
  3074 | D:4      | Gained mutation: Your magical nature lets you fly swiftly
                  | and evasively. [Tengu growth]
  3074 | D:4      | Reached XP level 5. HP: 28/28 MP: 4/9
  3214 | D:4      | Noticed Robin
  3221 | D:4      | Killed Robin
  3230 | D:4      | Found a radiant altar of Vehumet.
  3233 | D:4      | Found an iron altar of Okawaru.
  3233 | D:4      | Found a shadowy altar of Dithmenos.
  3901 | D:4      | Found a stormy altar of Qazlal.
  3903 | D:4      | Found a burning altar of Makhleb.
  4154 | D:4      | Reached skill level 1 in Staves
  4407 | D:5      | Entered Level 5 of the Dungeon
  4463 | D:5      | Found a staircase to the Ecumenical Temple.
  4472 | Temple   | Entered the Ecumenical Temple
  4714 | D:5      | Reached XP level 6. HP: 32/32 MP: 5/10
  4773 | D:5      | Found a glowing silver altar of Zin.
  4925 | D:5      | Noticed Grinder
  4938 | D:5      | Killed Grinder
  4939 | D:5      | Reached XP level 7. HP: 36/36 MP: 0/11
  5271 | D:4      | Became a worshipper of Vehumet
  5386 | D:5      | Noticed Blork the orc
  5393 | D:5      | Killed Blork the orc
  6103 | D:5      | Reached XP level 8. HP: 41/41 MP: 7/12
  6265 | D:5      | Learned a level 5 spell: Fireball
  7050 | D:6      | Noticed a wraith
  7099 | D:6      | HP: 1/41 [wraith (4)]
  7104 | D:6      | Slain by a wraith

Illustrated notes

Levels and vault maps discovered:
D:1:      matt_arrival_los_fun, layout_loops_ring, dk_noncrumbling_2
D:2:      layout_basic, basic_altar, ebering_ecumenical_altar_abandoned
D:3:      layout_basic, amcnicky_altar_gilded, serial_shops, nicolae_shop_trees
D:4:      layout_loops_ring, nicolae_overflow_hidden_temple,
          hangedman_abyss_or_decor_lesser_grid, uniq_robin
D:5:      layout_gridville, zin_treasury, minmay_temple_entry_sparse_star,
          uniq_grinder, uniq_blork_the_orc
D:6:      layout_basic, nicolae_uskayaw_suspiria
Temple:   jpeg_temple_island

Skill      XL: |  1  2  3  4  5  6  7  8 |
---------------+-------------------------+-----
Fire Magic     | 4 5 6 7 8 |  8.0
Conjurations   | 2 4 6 8 |  8.0
Staves         | 2 |  2.1
Spellcasting   | 3 |  3.4
Dodging        | |  2.1
Stealth        | |  2.0

Action                   |  1- 3 |  4- 6 |  7- 9 || total
-------------------------+-------+-------+-------++-------
Melee: Kick              |     4 |     8 |     3 ||    15
       Unarmed           |     2 |       |       ||     2
       Staff             |     5 |    33 |    20 ||    58
       Peck              |     1 |     6 |     3 ||    10
 Cast: Foxfire           |    53 |   105 |   105 ||   263
       Sticky Flame      |       |     1 |     7 ||     8
  Use: Scroll            |     4 |     1 |     5 ||    10
       Potion            |       |     2 |     1 ||     3
 Stab: Sleeping          |       |     1 |       ||     1
Armor: Robe              |     3 |     7 |     7 ||    17
       Skin              |       |    14 |     6 ||    20
Dodge: Dodged            |     7 |    33 |    27 ||    67

Table legend: (Time is in decaauts)
 A = Elapsed time spent in this place.
 B = Non-inter-level travel time spent in this place.
 C = Inter-level travel time spent in this place.
 D = Time resting spent in this place.
 E = Time spent auto-exploring this place.
 F = Levels seen in this place.
 G = Mean time per level.
                   A        B        C        D        E       F      G
               +--------+--------+--------+--------+--------+-----+--------+
         Total |   6909 |   6695 |    214 |    210 |   5630 |   7 |  987.0 |
       Dungeon |   6722 |   6508 |    214 |    210 |   5471 |   6 | 1120.3 |
        Temple |    187 |    187 |      0 |      0 |    159 |   1 |  187.0 |
               +--------+--------+--------+--------+--------+-----+--------+

Top non-repeatable levels by time:
     D:5: 1572 daAuts
     D:4: 1346 daAuts
     D:3: 1122 daAuts
     D:2: 1054 daAuts
     D:1: 891 daAuts
     D:6: 734 daAuts
  Temple: 187 daAuts
